Map: Orbital Shipyard

Players

Queens - Winner!

  • Race: Zerg Zerg
  • League: Grandmaster

Grim

  • Race: Terran Terran
  • League: Grandmaster

VOD

Have the link to the VOD?

Description

Time

  • Played on: June 22, 2015, 11:24 a.m.
  • Length: 10:16
Show
View Real Time Build Order
Export as new Build Order

Queens Zerg - Winner!

Build Orders: Hatch First 

Get SALT Encoding   

  12  0:01  Drone  
  13  0:17  Overlord  
  13  0:20  Drone  
  14  0:36  Drone x2  
  14  0:40  Drone  
  17  0:53  Hatchery  
  17  0:56  Drone  
  17  1:01  Drone  
  18  1:11  Extractor  
  17  1:16  Spawning Pool  
  17  1:17  Drone  
  17  1:24  Drone  
  18  1:34  Drone  
  19  1:44  Drone  
  20  1:55  Overlord  
  20  2:04  Queen  
  20  2:05  Queen  
  20  2:07  Drone x2  
  26  2:11  Metabolic Boost  
  26  2:17  Zergling x4  
  28  2:27  Zergling x4  
  29  2:42  Zergling x4  
  31  2:49  Pneumatized Carapace  
  31  2:50  Zergling x4  
  33  2:59  Overlord  
  33  3:00  Zergling x2  
  34  3:09  Zergling x2  
  35  3:13  Overlord, Zergling x2  
  36  3:22  Overlord  
  36  3:23  Zergling x12  
  42  3:30  Zergling x2  
  43  3:36  Zergling x2  
  44  3:49  Zergling x4  
  44  3:50  Zergling x10  
  51  4:03  Overlord  
  51  4:19  Drone x6  
  57  4:31  Overlord, Drone x3  
  59  4:39  Zergling x4  
  59  4:40  Zergling x2  
  59  4:43  Zergling x2  
  60  4:49  Spore Crawler  
  60  4:51  Spore Crawler  
  55  4:57  Drone x3  
  55  4:58  Drone  
  57  5:03  Drone x3  
  57  5:06  Drone  
  58  5:13  Drone  
  58  5:17  Drone  
  55  5:26  Drone x5  
  55  5:27  Drone  
  56  5:30  Drone x2  
  56  5:32  Drone  
  57  5:43  Drone x2  
  58  5:50  Lair  
  58  5:51  Roach Warren  
  58  5:56  Drone x2  
  59  6:00  Extractor  
  58  6:09  Drone x4  
  58  6:10  Drone  
  62  6:12  Spore Crawler, Extractor  
  62  6:13  Spore Crawler  
  62  6:14  Spore Crawler, Extractor  
  57  6:20  Drone x3  
  60  6:28  Queen  
  60  6:31  Roach x6  
  74  6:39  Overlord x2  
  74  6:40  Roach  
  74  6:45  Overlord  
  76  6:53  Overlord  
  76  7:03  Overlord  
  76  7:07  Hydralisk Den  
  75  7:14  Overlord  
  75  7:15  Roach  
  77  7:17  Roach x3  
  77  7:18  Roach x6  
  95  7:24  Glial Reconstitution  
  95  7:28  Roach  
  97  7:30  Roach  
  97  7:35  Roach  
  101  7:48  Overlord, Hydralisk x4, Muscular Augments  
  109  7:51  Overlord x2  
  109  7:55  Hydralisk  
  109  7:57  Hydralisk  
  113  8:00  Hydralisk  
  113  8:05  Hatchery  
  111  8:07  Hydralisk x2  
  115  8:15  Overlord, Hydralisk x2  
  119  8:21  Hydralisk  
  119  8:23  Evolution Chamber  
  119  8:26  Hydralisk  
  122  8:34  Overlord, Hydralisk x2  
  121  8:36  Roach  
  125  8:47  Hydralisk x3  
  125  8:56  Hydralisk x2  
  127  9:08  Hydralisk x2  
  131  9:10  Roach  
  131  9:15  Overlord  
  131  9:16  Roach x3  
  135  9:22  Roach  
  135  9:23  Roach x2  
  133  9:34  Roach x4  
  141  9:39  Roach x2  
  141  9:40  Roach  
  141  9:43  Roach  
  151  9:45  Roach  
  151  9:47  Roach  
  151  9:50  Roach  
  151  9:51  Roach  
  157  9:57  Roach x2  
Show
View Real Time Build Order
Export as new Build Order

Grim Terran 

Build Orders: Reaper Expand, Hellion Banshee 

Get SALT Encoding   

  12  0:01  SCV  
  13  0:13  SCV  
  14  0:17  Supply Depot  
  14  0:25  SCV  
  15  0:39  SCV  
  15  0:40  Barracks  
  16  0:45  Refinery  
  16  0:51  SCV  
  17  1:05  SCV  
  18  1:17  SCV  
  19  1:30  Orbital Command  
  19  1:31  Reaper  
  20  1:48  Command Center  
  20  1:56  SCV  
  21  2:04  Barracks Reactor  
  21  2:06  Supply Depot  
  21  2:08  SCV  
  22  2:21  SCV  
  23  2:30  Factory  
  23  2:33  SCV  
  24  2:41  Marine x2  
  26  2:45  SCV  
  26  2:48  Refinery  
  27  2:57  SCV  
  29  3:10  SCV  
  29  3:12  Orbital Command  
  29  3:17  Starport  
  29  3:22  SCV  
  29  3:23  Barracks Tech Lab  
  29  3:25  Hellion x2  
  34  3:34  SCV  
  34  3:38  SCV  
  36  3:46  SCV  
  36  3:47  Hellion  
  36  3:48  Hellion  
  40  3:53  Armory  
  40  3:58  SCV  
  40  4:02  Banshee  
  44  4:05  Supply Depot, SCV  
  45  4:10  SCV  
  46  4:26  Supply Depot, Hellion x2, SCV x2  
  52  4:36  Command Center  
  52  4:38  SCV x2  
  52  4:47  Banshee  
  52  4:48  Hellion  
  55  4:56  Hellion  
  32  5:18  Hellion  
  24  5:24  SCV x2  
  16  5:36  SCV x2  
  16  5:39  Hellion  
  19  5:48  SCV x2  
  17  5:54  Starport Tech Lab  
  14  6:00  SCV x2  
  14  6:01  Hellion  
  18  6:12  SCV x2  
  20  6:22  Hellion  
  20  6:24  SCV x2  
  24  6:36  SCV x2  
  24  6:38  Banshee  
  29  6:43  Hellion  
  31  6:49  SCV x2  
  33  7:01  SCV  
  31  7:04  Hellion  
  31  7:05  Hellion  
  20  7:22  SCV x2  
  22  7:26  Hellion  
  24  7:34  SCV x2  
  26  7:37  Orbital Command  
  26  7:46  SCV x2  
  26  7:47  Hellion, Viking  
  32  7:58  SCV  
  32  7:59  SCV  
  32  8:10  SCV  
  32  8:11  SCV  
  34  8:17  Hellion  
  35  8:23  SCV x2  
  35  8:25  Refinery  
  37  8:28  Banshee  
  40  8:35  SCV x2  
  40  8:39  Hellion  
  44  8:45  SCV  
  44  8:47  SCV x2  
  30  8:57  SCV  
  30  8:59  SCV x2  
  27  9:10  SCV  
  27  9:11  SCV x2  
  18  9:42  Factory Reactor  
  15  9:46  SCV  
Tags
 
Add a new tag
Caveats
  • Supply blocks, unpowered buildings, or Contaminate may cause inaccurate times.
  • Supply counts are checked every 10 seconds.